 Dungeon Crawl Stone Soup version 0.19.1 (webtiles) character file.

17285 Host24 the Fighter (level 12, 0/84 HPs)
             Began as a Kobold Assassin on Dec 24, 2016.
             Was an Elder of Dithmenos.
             Killed from afar by a starcursed mass (7 damage)
             ... with an accursed screaming
             ... on level 2 of the Abyss.
             The game lasted 01:05:42 (21121 turns).

Host24 the Fighter (Kobold Assassin)               Turns: 21121, Time: 01:05:43

Health: 0/84       AC:  7    Str: 10    XL:     12   Next: 80%
Magic:  12/12      EV: 26    Int: 12    God:    Dithmenos [****..]
Gold:   717        SH:  0    Dex: 23    Spells: 1 memorised, 9 levels left

rFire  . . .     SeeInvis .     f - +2 short sword (venom)
rCold  + . .     Gourm    .     O - +2 robe {rC+}
rNeg   . . .     Faith    .     (shield restricted)
rPois  .         Spirit   .     Z - +2 hat
rElec  .         Reflect  .     d - +0 cloak
rCorr  .         Harm     .     (no gloves)
MR     .....                    (no boots)
Stlth  +++++++++.               (no amulet)
                                K - +3 ring of dexterity
                                x - ring of stealth

@: about to teleport, wreathed by umbra
A: beak, carnivore 3
a: Shadow Step, Renounce Religion


You were on level 2 of the Abyss.
You worshipped Dithmenos.
Dithmenos was greatly pleased with you.
You were very full.

You visited 3 branches of the dungeon, and saw 15 of its levels.
You visited the Abyss 1 time.
You also visited: Bailey.

You collected 717 gold pieces.

Inventory:

Hand Weapons
 a - a +2 dagger
 b - a +0 blowgun
 f - a +2 short sword of venom (weapon)
 j - a +1 fustibalus of freezing
 n - a +0 short sword of distortion
Missiles
 e - 39 poisoned needles
 i - 412 stones
 m - 253 arrows
 p - 71 sling bullets
 C - 3 tomahawks (quivered)
 D - 107 bolts
 P - 11 curare-tipped needles
Armour
 d - a +0 cloak (worn)
 E - a +1 robe of resistance
 H - a +2 leather armour of poison resistance
 O - a +2 robe of cold resistance (worn)
 Z - a +2 hat (worn)
Jewellery
 x - a ring of stealth (left hand)
 A - an uncursed ring of protection from cold
 K - a +3 ring of dexterity (right hand)
 U - an uncursed ring of ice
Wands
 t - a wand of disintegration (12/24)
 F - a wand of slowing (9/48)
 J - a wand of enslavement (9/24)
 S - a wand of iceblast (8/15)
 W - a wand of lightning (2/15)
Scrolls
 c - 2 scrolls of enchant weapon {unknown}
 h - 2 scrolls of noise {unknown}
 k - 8 scrolls of identify
 l - 2 scrolls of fear {unknown}
 o - 6 scrolls of remove curse
 q - 4 scrolls of random uselessness {unknown}
 r - a scroll of teleportation
 s - 5 scrolls of immolation {unknown}
 u - 2 scrolls of blinking {unknown}
 w - 5 scrolls of recharging {unknown}
 B - 3 scrolls of amnesia {unknown}
 G - 5 scrolls of fog {unknown}
 N - a scroll of enchant armour {unknown}
 V - 4 scrolls of vulnerability {unknown}
Potions
 v - 2 potions of agility
 z - 2 potions of brilliance
 Q - a potion of might
 Y - a potion of flight
Books
 y - a book of Debilitation

   Spells                             Type                      Level
   a - Corona                         Hexes                        1
   b - Slow                           Hexes                        2
   c - Gell's Gravitas                Hexes/Translocation          3
   d - Inner Flame                    Hexes/Fire                   3
   e - Cause Fear                     Hexes                        4
   f - Leda's Liquefaction            Hexes/Earth                  4
 I - a book of Power

   Spells                             Type                      Level
   a - Fulminant Prism                Conjuration/Hexes            4
   b - Iskenderun's Mystic Blast      Conjuration                  4
   c - Venom Bolt                     Conjuration/Poison           5
   d - Bolt of Magma                  Conjuration/Fire/Earth       5
   e - Iron Shot                      Conjuration/Earth            6
   f - Orb of Destruction             Conjuration                  7
   g - Spellforged Servitor           Conjuration/Summoning        7
 T - a book of Minor Magic

   Spells                             Type                      Level
   a - Magic Dart                     Conjuration                  1
   b - Blink                          Translocation                2
   c - Call Imp                       Summoning                    2
   d - Repel Missiles                 Charms/Air                   2
   e - Slow                           Hexes                        2
   f - Conjure Flame                  Conjuration/Fire             3
   g - Mephitic Cloud                 Conjuration/Poison/Air       3
 X - a Young Poisoner's Handbook

   Spells                             Type                      Level
   a - Sting                          Conjuration/Poison           1
   b - Mephitic Cloud                 Conjuration/Poison/Air       3
   c - Olgreb's Toxic Radiance        Poison                       4
   d - Alistair's Intoxication        Transmutation/Poison         5
   e - Venom Bolt                     Conjuration/Poison           5
Comestibles
 g - 11 meat rations
 R - a beef jerky


   Skills:
 + Level 13.9 Fighting
 - Level 13.0 Short Blades
 - Level 2.1 Throwing
 - Level 11.0 Dodging
 - Level 11.2 Stealth


You had 9 spell levels left.
You knew the following spells:

 Your Spells              Type           Power        Failure   Level  Hunger
a - Blink                 Tloc           N/A          52%         2    ###....


Dungeon Overview and Level Annotations

Branches:
Dungeon (11/15)            Temple (1/1) D:4            Lair (3/6) D:10
  Snake (0/4) Lair:2          Orc (0/2) D:9
  Swamp: Lair:2-4    Shoals: Lair:2-4

Altars:
Ashenzari
Cheibriados
Dithmenos
Elyvilon
Fedhas
Gozag
Hepliaklqana
Kikubaaqudgha
Makhleb
Nemelex Xobeh
Okawaru
Qazlal
Ru
Sif Muna
Trog
Uskayaw
Vehumet
Xom
Yredelemnul
Zin
The Shining One
Lugonu

Shops:
D:9 [?%

Annotations:
D:4 ARFLORD's ghost, novice DECj
D:10 Host24's ghost, journeyman KoAM
Lair:1 exclusion: oklob plant, yaymichael's ghost, journeyman DsIE


Innate Abilities, Weirdness & Mutations

You are small and have problems with some larger weapons.
You are carnivorous and can eat meat at any time.
You have a beak for a mouth.


Message History

The starcursed mass completely misses you.
A deafening chorus of shrieks assaults your mind!
* * * LOW HITPOINT WARNING * * *
A tentacled starspawn comes into view.
Tentacles burst from the starspawn's body! 2 starspawn tentacles come into view.
As you read the scroll of teleportation, it crumbles to dust.
You feel strangely unstable.
You feel the power of the Abyss delaying your translocation!
A chorus of shrieks assaults your mind.
* * * LOW HITPOINT WARNING * * *
A chorus of shrieks assaults your mind.
* * * LOW HITPOINT WARNING * * *
Okay, then.
A starspawn tentacle comes into view.
The starspawn tentacle completely misses you.
The starcursed mass engulfs you!
* * * LOW HITPOINT WARNING * * *
A chorus of shrieks assaults your mind.
You die...

#######
#...@.#
##...Xw#
#....│.# #.
##...X.# .#
#.....# .
... ###.###
#.. #X#
.#.##
####.##.##
#.#.. ##
#.........#


You could see 2 starcursed masses, a tentacled starspawn and a starspawn
tentacle.

Vanquished Creatures
  Gastronok (Lair:1)
  Erica (D:8)
  Sonja (Lair:2)
  Nergalle (Lair:2)
  An ugly thing (D:8)
  A black mamba (Lair:2)
  4 spiny frogs
  2 komodo dragons
  A troll (D:9)
  A meliai (shapeshifter) (Abyss:2)
  A two-headed ogre (D:8)
  Prince Ribbit (D:8)
  2 hippogriffs
  6 yaks
  A basilisk (Lair:1)
  2 hungry ghosts
  A chaos spawn (Abyss:2)
  10 water moccasins
  12 porcupines
  3 orc warriors
  3 sky beasts
  An ice beast (D:7)
  A black bear (D:9)
  4 phantoms
  6 ogres
  5 centaurs
  7 wolves
  7 crocodiles
  4 big kobolds
  10 bullfrogs
  A water moccasin skeleton (D:7)
  A water moccasin zombie (D:8)
  4 scorpions
  3 killer bees
  5 howler monkeys
  5 crimson imps
  2 centaur zombies
  A quasit (D:6)
  A bullfrog zombie (D:8)
  4 hounds
  4 jellies
  3 orc priests
  3 bullfrog skeletons
  An iron imp (D:5)
  10 orc wizards
  A centaur skeleton (D:6)
  Jessica (D:3)
  Natasha (thrice) (D:2 D:3)
  17 iguanas
  2 worker ants
  A killer bee zombie (D:8)
  A hound zombie (D:5)
  A worker ant zombie (D:5)
  4 gnolls (D:8)
  13 adders
  3 river rats (D:10)
  4 shadow imps
  A white imp (Abyss:2)
  4 oozes
  3 adder zombies
  An adder skeleton (D:4)
  2 worms
  3 dart slugs
  7 leopard geckos
  32 orcs
  5 bats
  7 giant cockroaches
  8 goblins
  10 hobgoblins
  17 jackals
  25 kobolds
  6 quokkas
  4 ball pythons
  2 frilled lizards (D:2)
  A jackal zombie (D:6)
  A leopard gecko zombie (D:5)
  5 rats
  A demonic plant (Temple)
345 creatures vanquished.

Vanquished Creatures (others)
  A wolf (Lair:3)
  7 fungi
  12 plants
  3 starspawn tentacles (Abyss:2)
  14 toadstools (Lair:1)
37 creatures vanquished.

Grand Total: 382 creatures vanquished

Notes
Turn   | Place    | Note
-------+----------+-------------------------------------------
     0 | D:1      | Host24 the Kobold Assassin began the quest for the Orb.
     0 | D:1      | Reached XP level 1. HP: 12/12 MP: 1/1
    73 | D:1      | Reached XP level 2. HP: 13/18 MP: 2/2
   418 | D:1      | Reached XP level 3. HP: 22/23 MP: 3/3
  1415 | D:2      | Noticed Natasha
  1427 | D:2      | Killed Natasha
  1427 | D:2      | Reached XP level 4. HP: 14/29 MP: 4/4
  1770 | D:2      | Noticed Natasha
  2246 | D:2      | Found a white marble altar of Elyvilon.
  2264 | D:2      | Found a stormy altar of Qazlal.
  2353 | D:2      | Noticed an ogre
  2383 | D:2      | Killed an ogre
  2383 | D:2      | Reached XP level 5. HP: 33/33 MP: 5/5
  2554 | D:3      | Killed Natasha
  2554 | D:3      | Reached XP level 6. HP: 20/39 MP: 6/6
  2567 | D:3      | Noticed Natasha
  2589 | D:3      | Killed Natasha
  2846 | D:3      | Reached skill level 5 in Fighting
  3427 | D:3      | Found a sparkling altar of Nemelex Xobeh.
  3433 | D:3      | Found a sacrificial altar of Ru.
  3437 | D:3      | Found a deep blue altar of Sif Muna.
  3634 | D:3      | Noticed Jessica
  3654 | D:3      | Killed Jessica
  3803 | D:3      | Found an iron altar of Okawaru.
  3812 | D:3      | Reached XP level 7. HP: 45/45 MP: 7/7
  3927 | D:3      | Found a shimmering altar of Xom.
  3933 | D:3      | Found a glowing golden altar of the Shining One.
  3933 | D:3      | Found a basalt altar of Yredelemnul.
  3935 | D:3      | Found a shattered altar of Ashenzari.
  3935 | D:3      | Found a blossoming altar of Fedhas.
  3935 | D:3      | Found a hazy altar of Hepliaklqana.
  4036 | D:4      | Found a snail-covered altar of Cheibriados.
  4153 | D:4      | Noticed ARFLORD's ghost (novice DECj)
  4319 | D:4      | Found a burning altar of Makhleb.
  4460 | D:4      | Found a staircase to the Ecumenical Temple.
  4467 | Temple   | Entered the Ecumenical Temple
  4513 | Temple   | Became a worshipper of Dithmenos the Shadowed
  5479 | D:5      | Entered Level 5 of the Dungeon
  5487 | D:5      | Found a blossoming altar of Fedhas.
  5688 | D:5      | Reached skill level 5 in Short Blades
  6232 | D:5      | Reached XP level 8. HP: 53/53 MP: 8/8
  7161 | D:5      | Found a snail-covered altar of Cheibriados.
  7735 | D:6      | Reached * piety under Dithmenos
  7735 | D:6      | Reached skill level 5 in Dodging
  8426 | D:6      | Reached XP level 9. HP: 34/59 MP: 9/9
  8508 | D:6      | Found a hazy altar of Hepliaklqana.
 10200 | D:6      | Reached skill level 10 in Fighting
 10551 | D:7      | Found a glowing silver altar of Zin.
 10875 | D:7      | Reached ** piety under Dithmenos
 10934 | D:7      | Reached skill level 10 in Short Blades
 11628 | D:7      | Reached XP level 10. HP: 57/68 MP: 10/10
 12154 | D:8      | Noticed a cyan ugly thing
 12195 | D:8      | Killed a cyan ugly thing
 12452 | D:8      | Noticed Prince Ribbit
 12537 | D:8      | Killed Prince Ribbit
 12840 | D:8      | Noticed Erica
 13125 | D:8      | Killed Erica
 13125 | D:8      | Reached XP level 11. HP: 37/74 MP: 11/11
 13453 | D:8      | Found a glowing golden altar of the Shining One.
 13739 | D:9      | Found Gueluf's Armour Emporium.
 13763 | D:9      | Reached skill level 10 in Dodging
 13783 | D:9      | Reached *** piety under Dithmenos
 13805 | D:9      | Found Jypieh's Magic Scroll Emporium.
 13864 | D:9      | Found a staircase to the Orcish Mines.
 13944 | D:9      | Learned a level 2 spell: Blink
 14019 | D:9      | Found Kat Raudd's Food Emporium.
 14204 | D:9      | You fall through a shaft for 2 floors!
 14248 | D:10     | Entered Level 10 of the Dungeon
 14276 | D:10     | Found a flagged portal.
 14288 | Bailey   | Entered a bailey
 14293 | Bailey   | Noticed an orc knight
 14347 | Bailey   | Noticed Geoffrax's ghost (novice DgGl)
 14437 | D:10     | Noticed Host24's ghost (journeyman KoAM)
 15263 | D:10     | Found a staircase to the Lair.
 16298 | D:10     | Reached **** piety under Dithmenos
 16556 | Lair:1   | Entered Level 1 of the Lair of Beasts
 16634 | Lair:1   | Noticed Gastronok
 16692 | Lair:1   | Killed Gastronok
 17045 | Lair:1   | Noticed yaymichael's ghost (journeyman DsIE)
 17565 | Lair:1   | Reached XP level 12. HP: 46/82 MP: 12/12
 18605 | Lair:1   | Found a blossoming altar of Fedhas.
 19090 | Lair:2   | Reached skill level 10 in Stealth
 19150 | Lair:2   | Noticed Sonja
 19153 | Lair:2   | Killed Sonja
 19168 | Lair:2   | Found a staircase to the Snake Pit.
 19405 | Lair:2   | Noticed Nergalle
 19440 | Lair:2   | Killed Nergalle
 20818 | Lair:2   | Cast into level 2 of the Abyss (a distortion unwield)
 20860 | Abyss:2  | Noticed a wretched star
 20915 | Abyss:2  | Noticed a deep elf sorcerer
 20932 | Abyss:2  | Gained mutation: You tend to lose your temper in combat. [potion of mutation]
 20932 | Abyss:2  | Gained mutation: You have a beak for a mouth. [potion of mutation]
 20932 | Abyss:2  | Lost mutation: You tend to lose your temper in combat. [potion of mutation]
 21035 | Abyss:2  | Noticed a starcursed mass
 21092 | Abyss:2  | Noticed a thrashing horror
 21093 | Abyss:2  | Paralysed by accursed screaming for 1 turns
 21107 | Abyss:2  | Noticed a tentacled starspawn
 21121 | Abyss:2  | Killed from afar by a starcursed mass

Skill      XL: |  1  2  3  4  5  6  7  8  9 10 11 12 |
---------------+-------------------------------------+-----
Fighting       | 3 4 5 7 10 11 12 13 | 13.9
Short Blades   | 4 6 8 10 13 | 13.0
Dodging        | 4 6 9 10 11 | 11.0
Stealth        | 8 9 11 | 11.2
Throwing       | |  2.1

Action                   |  1- 3 |  4- 6 |  7- 9 | 10-12 || total
-------------------------+-------+-------+-------+-------++-------
Melee: Dagger            |   107 |   165 |  1238 |   655 ||  2165
       Short sword       |       |       |       |   451 ||   451
 Fire: Blowgun           |       |    10 |    11 |    71 ||    92
Throw: Throwing net      |       |       |     1 |       ||     1
       Tomahawk          |       |       |       |     1 ||     1
  Use: Scroll            |       |     4 |     2 |     6 ||    12
       Potion            |       |     3 |     7 |     6 ||    16
 Stab: Sleeping          |     5 |    14 |    16 |    51 ||    86
       Distracted        |       |       |     4 |     9 ||    13
       Held in net/web   |       |       |     1 |       ||     1
  Eat: Chunk             |     9 |     6 |    26 |    32 ||    73
Armor: Robe              |    30 |    21 |    88 |    34 ||   173
Dodge: Dodged            |    67 |   109 |   622 |   697 ||  1495
